 Dungeon Crawl Stone Soup version 0.24.0-123-gd5b16e6ec5 (webtiles) character file.

Game seed: 3739943257560850236, levelgen mode: deterministic

168 Kobolds4U the Ruffian (level 5, -2/50 HPs)
             Began as a Troll Monk on Dec 22, 2019.
             Slain by a gnoll
             ... wielding a +0 flail
              (9 damage)
             ... on level 4 of the Dungeon.
             The game lasted 00:02:48 (1635 turns).

Kobolds4U the Ruffian (Troll Monk)                  Turns: 1635, Time: 00:02:50

Health: -2/50      AC:  6    Str: 19    XL:     5   Next: 24%
Magic:  4/4        EV: 10    Int:  6    God:
Gold:   115        SH:  0    Dex: 13    Spells: 4/4 levels left

rFire    . . .     SeeInvis .     - Unarmed
rCold    . . .     Gourm    +   (no shield)
rNeg     . . .     Faith    .   a - +0 robe
rPois    .         Spirit   .   (helmet restricted)
rElec    .         Reflect  .   (no cloak)
rCorr    .         Harm     .   (gloves unavailable)
MR       .....                  (boots unavailable)
Stlth    ++........             (no amulet)
HPRegen  0.56/turn              (no ring)
MPRegen  0.09/turn              (no ring)

@: no status effects
A: large, unfitting armour, claws 3, fast metabolism 3, gourmand, regeneration
1, shaggy fur 1, tough skin 3
a: no special abilities


You were on level 4 of the Dungeon.
You were very full.

You visited 1 branch of the dungeon, and saw 4 of its levels.

You collected 115 gold pieces.

Inventory:

Armour
 a - a +0 robe (worn)
Jewellery
 k - an uncursed ring of fire
Scrolls
 c - 3 scrolls of identify {unknown}
 g - 3 scrolls of remove curse {unknown}
 i - a scroll of fear {unknown}
 n - a scroll of immolation {unknown}
 p - a scroll of enchant armour {unknown}
Potions
 d - 2 potions of lignification {unknown}
 e - a potion of heal wounds {unknown}
 f - a potion of haste {unknown}
 h - a potion of brilliance {unknown}
 j - a potion of mutation {unknown}
 l - a potion of ambrosia {unknown}
 m - 2 potions of curing {unknown}
Comestibles
 b - 4 rations
 o - 7 chunks of flesh


   Skills:
 - Level 2.4 Fighting
 - Level 2.4 Dodging
 - Level 1.0 Stealth
 + Level 6.0 Unarmed Combat


You had 4 spell levels left.
You didn't know any spells.
Your spell library was empty.

Dungeon Overview and Level Annotations

Branches:
Dungeon (4/15)
 Temple: D:4-7

Altars:
Ashenzari
Elyvilon
Sif Muna
Xom

Annotations:
D:3 1 runed translucent door, teukkam's ghost, amateur MiFi


Innate Abilities, Weirdness & Mutations

You are too large for most types of armour.
You have claws for hands.
Your metabolism is lightning-fast.
You like to eat raw meat.
Your natural rate of healing is unusually fast.
You are covered in fur. (AC +1)
You have extremely tough skin. (AC +3)


Message History

You are held in a net!
Unknown command.
You struggle against the net.
The gnoll hits you with a +0 spear. The gnoll completely misses you.
You tear a large gash into the net.
The gnoll hits you with a +0 spear. The gnoll hits you with a +0 whip.
You struggle against the net.
The gnoll hits you with a +0 flail. The gnoll hits you with a +0 spear.
The gnoll hits you but does no damage.
You rip the net and break free!
The gnoll barely misses you. The gnoll hits you with a +0 spear.
The gnoll hits you with a +0 whip!
You closely miss the gnoll. The gnoll barely misses you.
The gnoll hits you with a +0 spear. The gnoll hits you with a +0 whip.
* * * LOW HITPOINT WARNING * * *
You closely miss the gnoll.
The bullfrog skeleton hits you but does no damage.
The bullfrog skeleton barely misses you.
The gnoll hits you with a +0 spear!
* * * LOW HITPOINT WARNING * * *
The gnoll hits you with a +0 flail!
You die...

#####
##...#############
##.###.##..)......#
#.## ##.#.#.##.##.#
#.# #......#.##.###
#.## #.#.#..........
##.###.##.#.##.##.###
##...###......##.##.
#..@g.####.......##.
#.Zgg.# ##########.
#...$...# #.
#........# #.
#.......... #.
###..##..#. #. #..#
..# #. #<.# .# #. #.


You could see 3 gnolls and a bullfrog skeleton.

Vanquished Creatures
  An orc priest (D:3)
  An orc wizard (D:4)
  Natasha (D:3)
  3 adders (D:2)
  An ooze (D:3)
  A worm (D:4)
  2 dart slugs
  7 orcs
  2 giant cockroaches
  6 goblins
  3 hobgoblins
  2 kobolds (D:1)
  3 quokkas
  2 bats
  3 frilled lizards
  5 rats
43 creatures vanquished.

Notes
Turn   | Place    | Note
-------+----------+-------------------------------------------
     0 | D:1      | Kobolds4U the Troll Monk began the quest for the Orb.
     0 | D:1      | Reached XP level 1. HP: 22/22 MP: 0/0
   197 | D:1      | Reached XP level 2. HP: 29/29 MP: 1/1
   374 | D:2      | Reached skill level 4 in Unarmed Combat
   537 | D:2      | Reached XP level 3. HP: 32/36 MP: 2/2
   568 | D:2      | Found a shattered altar of Ashenzari.
   927 | D:3      | Found a white marble altar of Elyvilon.
   953 | D:3      | Reached skill level 5 in Unarmed Combat
   953 | D:3      | Reached XP level 4. HP: 31/44 MP: 3/3
   999 | D:3      | Found a runed translucent door.
  1015 | D:3      | Noticed teukkam's ghost (amateur MiFi)
  1136 | D:3      | Noticed Natasha
  1139 | D:3      | Killed Natasha
  1254 | D:3      | Found a shimmering altar of Xom.
  1256 | D:3      | Found a shimmering blue altar of Sif Muna.
  1256 | D:3      | Found an ornate altar of the Wu Jian Council.
  1258 | D:3      | Found a shimmering blue altar of Sif Muna.
  1258 | D:3      | Found a shattered altar of Ashenzari.
  1258 | D:3      | Found a white marble altar of Elyvilon.
  1449 | D:4      | Reached XP level 5. HP: 29/50 MP: 4/4
  1450 | D:4      | Reached skill level 6 in Unarmed Combat
  1635 | D:4      | Slain by a gnoll

Levels and vault maps discovered:
D:1:      dpeg_arrival_snail, layout_rooms
D:2:      layout_basic, nicolae_ashenzari_panopticon
D:3:      layout_rooms, overflow_temple_1_default, doesnt_xom_only_xom,
          ebering_ghost_sewer_d, kennysheep_generic_room_14, uniq_natasha
D:4:      layout_loops_cross, gammafunk_ghost_grave, first_ration,
          uniq_crazy_yiuf_cottage

Skill      XL: |  1  2  3  4  5 |
---------------+----------------+-----
Unarmed Combat | 4 5 6 |  6.0
Fighting       | |  2.4
Dodging        | |  2.4
Stealth        | |  1.0

Action                   |  1- 3 |  4- 6 || total
-------------------------+-------+-------++-------
Melee: Unarmed           |    78 |    54 ||   132
       Punch             |     2 |     1 ||     3
 Stab: Sleeping          |       |     1 ||     1
  Eat: Chunk             |    14 |     6 ||    20
Armor: Robe              |    29 |    20 ||    49
Dodge: Dodged            |    49 |    28 ||    77
